Cogmind - Beta 11.1 @@@ ROGUE MODE // 2022.10.21 @ 16:03:05 Player: ILikeMonsters1890 Result: Destroyed by S-43 Plague with Heavy Machine Gun Performance ------------- Evolutions (6) 3000 Regions Visited (12) 2400 Robots Destroyed (74) 370 Value Destroyed (1869) 1869 Prototype IDs (30) 600 Alien Tech Used (3) 600 Bonus (575) 575 TOTAL SCORE: 9414 Bonus ------- High Alert Combat Kills 240 Follower Combat Kills 35 Met Zhirov 300 Cogmind --------- Core Integrity 0/1150 Matter 300/300 Energy 100/100 System Corruption 0% Temperature Cool (0) Movement Core (50) Location -3/Proximity Caves Parts ------- > --- POWER (2) -------- (None) > --- PROPULSION (7) --- (None) > --- UTILITY (9) ------ Advanced Visual Processing Unit Advanced Signal Interpreter Melee Analysis Suite > --- WEAPON (2) ------- (None) > --- INVENTORY (5) ---- Light Angular Momentum Engine Advanced Cooling System Improved Transmission Jammer Experimental Utility Shielding Heavy Hammer Peak State ------------ > --- POWER ------------ Backup Power III Enhanced Fission Core > --- PROPULSION ------- Compact Wheel VTOL Module Improved Cesium-ion Thruster Field Propulsion Drive Field Propulsion Drive Field Propulsion Drive > --- UTILITY ---------- Small Storage Unit Advanced Visual Processing Unit Advanced Signal Interpreter Melee Analysis Suite Particle Accelerator Improved Transmission Jammer Cloaking Device Light Regenerative Plating Advanced System Shield > --- WEAPON ----------- Backup Laser III Heavy Hammer > --- INVENTORY -------- Light Angular Momentum Engine Advanced Cooling System Medium Storage Unit Seismic Detector Melee Analysis Suite Mini Grenade Launcher Ionic Axe [Rating: 86] Favorites ----------- Power Light Ion Engine Engine Light Ion Engine Power Core Enhanced Fission Core Propulsion Wheel Wheel Wheel Flight Unit Field Propulsion Drive Utility Light Regenerative Plating Device Seismic Detector Storage Medium Storage Unit Processor Advanced Visual Processing Unit Hackware Advanced System Shield Protection Light Regenerative Plating Weapon Light Assault Rifle Energy Gun Backup Laser III Ballistic Gun Light Assault Rifle Launcher Mini Grenade Launcher Impact Weapon Power Maul Slashing Weapon Ionic Axe Build | -11 -10 -9 -9 -9 -7 -6 -5 -4 -4 -4 -4 -3 ------- Run | Scr Mat Mat Sto Rec Fac Fac Fac Fac Upp Upp Zhi Pro Slots Evolved 12 | . . 2 . . 4 2 2 2 . . . . Power 1 | . . . . . 1 . . . . . . . Propulsion 5 | . . . . . 2 1 1 1 . . . . Utility 6 | . . 2 . . 1 1 1 1 . . . . Weapon . | . . . . . . . . . . . . . Parts Attached 115 | 7 1 13 22 4 15 24 23 . 1 . 4 1 Power 20 | 1 . 2 5 1 1 7 3 . . . . . Engine 12 | 1 . 2 5 1 1 2 . . . . . . Core 8 | . . . . . . 5 3 . . . . . Reactor . | . . . . . . . . . . . . . Propulsion 32 | 2 . 2 7 . 6 8 6 . 1 . . . Treads . | . . . . . . . . . . . . . Leg . | . . . . . . . . . . . . . Wheel 12 | 2 . 2 6 . . . 1 . 1 . . . Hover . | . . . . . . . . . . . . . Flight 20 | . . . 1 . 6 8 5 . . . . . Utility 37 | 2 1 3 3 1 4 7 11 . . . 4 1 Device 10 | 1 . . . . 1 2 3 . . . 2 1 Storage 5 | 1 1 . . . 1 1 1 . . . . . Processor 8 | . . 1 . 1 2 1 3 . . . . . Hackware 1 | . . . . . . . . . . . 1 . Protection 13 | . . 2 3 . . 3 4 . . . 1 . Artifact . | . . . . . . . . . . . . . Weapon 26 | 2 . 6 7 2 4 2 3 . . . . . Energy Gun 2 | . . 1 1 . . . . . . . . . Energy Cannon . | . . . . . . . . . . . . . Ballistic Gun 13 | 2 . 5 4 1 1 . . . . . . . Ballistic Cannon . | . . . . . . . . . . . . . Launcher 4 | . . . 2 1 . 1 . . . . . . Special Weapon . | . . . . . . . . . . . . . Impact Weapon 6 | . . . . . 3 1 2 . . . . . Slashing Weapon 1 | . . . . . . . 1 . . . . . Piercing Weapon . | . . . . . . . . . . . . . Special Melee Weapon . | . . . . . . . . . . . . . Unidentified Prototypes 15 | . . 1 2 . 1 3 3 . 1 . 4 . Parts Lost 40 | . . 4 6 1 . 6 9 . . 1 . 13 Power 8 | . . 1 2 . . 2 1 . . . . 2 Propulsion 16 | . . . 2 1 . 3 4 . . . . 6 Utility 10 | . . 1 1 . . 1 2 . . 1 . 4 Weapon 6 | . . 2 1 . . . 2 . . . . 1 Highest Loss Streak 13 | . . 4 2 1 . 6 6 . . 1 . 13 To Critical Strikes 3 | . . 1 . . . . 1 . . . . 1 Average Slot Usage (%) 92 | . 100 98 98 99 99 98 83 84 80 82 89 67 Engine 7 | . 14 10 11 11 14 5 . 5 5 5 5 3 Core 2 | . . . . . . 5 4 5 5 5 5 3 Wheel 10 | . 28 22 20 21 . . 1 . . 5 5 3 Flight 15 | . . . . . 29 32 26 26 25 25 25 15 Device 9 | . 14 11 11 11 7 8 8 10 10 7 10 7 Storage 7 | . 14 11 11 11 7 6 5 5 5 5 5 3 Processor 13 | . . 11 11 11 14 17 18 15 15 15 15 15 Protection 7 | . . 10 11 11 7 5 3 5 5 5 5 3 Energy Gun 1 | . . . . . . . . 5 5 5 5 3 Ballistic Gun 9 | . 28 22 20 15 9 . . . . . . . Impact Weapon 4 | . . . . . 4 12 9 5 5 5 5 4 Naked Turns . | . . . . . . . . . . . . . Heaviest Build 32 | 12 17 26 27 24 22 32 31 31 31 31 31 31 Greatest Support 36 | 20 20 20 20 20 22 32 36 31 31 31 31 31 Greatest Overweight (x) 3 | . . 1 2 2 . 1 1 . . . . 3 Average Overweight (x) . | . . . 1 1 . . . . . . . . Largest Inventory Capacity 10 | 8 10 10 10 10 10 10 10 8 8 8 8 8 Average Capacity 9 | 7 9 10 10 10 8 9 8 8 8 8 8 7 Most Carried 10 | 8 10 10 10 10 9 10 10 8 8 8 8 8 Average Carried 8 | 4 9 9 9 9 7 8 6 8 7 8 7 7 Final Capacity 10 | 8 10 10 10 10 8 10 8 8 8 8 8 5 Final Carried 10 | 8 10 10 10 10 8 8 8 8 8 8 8 5 Class Distribution -------------------- 29% | Scavenger-Mutant 17% | Ninja 14% | Mutant 6% | Infiltrator-Mutant 6% | Scavenger-Sprinter 5% | Scout 4% | Machinist-Sprinter 4% | Commander-Mutant 4% | Sprinter 3% | Machinist-Scout 3% | Assassin Dominant Class ---------------- Mutant | -10/Materials Mutant | -9/Materials Scavenger-Mutant | -9/Storage Scavenger-Mutant | -9/Recycling Scavenger-Sprinter | -7/Factory Machinist-Sprinter | -6/Factory Ninja | -5/Factory Ninja | -4/Factory Ninja | -4/Upper Caves Mutant | -4/Upper Caves Infiltrator-Mutant | -4/Zhirov Ninja | -3/Proximity Caves Resources | -11 -10 -9 -9 -9 -7 -6 -5 -4 -4 -4 -4 -3 ----------- Run | Scr Mat Mat Sto Rec Fac Fac Fac Fac Upp Upp Zhi Pro Matter Collected 1908 | 302 15 253 590 73 164 177 289 10 4 16 . 15 Remotely . | . . . . . . . . . . . . . Salvage Created 2925 | 158 15 346 1049 125 336 198 698 . . . . . Parts 125 | 12 2 20 58 3 17 9 4 . . . . . Haulers Intercepted 1 | . . . . . 1 . . . . . . . Recyclers Shooed 6 | . . . 3 1 . 1 1 . . . . . Parts Field Recycled . | . . . . . . . . . . . . . Retrieved Matter . | . . . . . . . . . . . . . Parts Self-Destructed 4 | . . . . . . . . . 1 . . 3 Prevented . | . . . . . . . . . . . . . Kills | -11 -10 -9 -9 -9 -7 -6 -5 -4 -4 -4 -4 -3 ------- Run | Scr Mat Mat Sto Rec Fac Fac Fac Fac Upp Upp Zhi Pro Combat Hostiles Destroyed 42 | . . 6 19 . 4 5 8 . . . . . Melee 4 | . . . . . . . 4 . . . . . Guns 21 | . . 6 13 . 2 . . . . . . . AOE 10 | . . . 6 . . 4 . . . . . . Classes Destroyed 12 | 2 1 3 1 . 2 2 1 . . . . . Worker 8 | . . 1 5 . 1 . 1 . . . . . Tunneler 5 | 3 . . . . . . 2 . . . . . Hauler 1 | . . . . . 1 . . . . . . . Recycler 8 | 1 . . 3 1 . 1 2 . . . . . Operator 1 | . . . . . . . 1 . . . . . Watcher 9 | . 1 1 2 . 3 1 1 . . . . . Swarmer 11 | . . . 6 . . . 5 . . . . . Cutter 4 | . . . . . . 4 . . . . . . Grunt 10 | . . 2 5 . 3 . . . . . . . Sentry 15 | . . 4 8 . . . 3 . . . . . Hunter 1 | . . . . . 1 . . . . . . . Programmer 1 | . . . . . . 1 . . . . . . Best Kill Streak 6 | 2 1 3 6 1 5 4 6 . . . . . Combat Bots Only 5 | . . 3 5 . 2 4 4 . . . . . Max Kills in Single Turn 4 | 1 1 1 4 1 1 2 1 . . . . . Gunslinging . | . . . . . . . . . . . . . Exploded 3 | . . . 3 . . 2 . . . . . . Melee 1 | . . . . . . . 1 . . . . . Uniques/NPCs Destroyed . | . . . . . . . . . . . . . Combat | -11 -10 -9 -9 -9 -7 -6 -5 -4 -4 -4 -4 -3 -------- Run | Scr Mat Mat Sto Rec Fac Fac Fac Fac Upp Upp Zhi Pro Damage Taken 6081 | . . 705 1289 50 141 896 808 . 145 161 . 1886 Core 1798 | . . 126 249 12 16 168 159 . 33 13 . 1022 Absorbed by Shields . | . . . . . . . . . . . . . Regen/Repaired (Parts) 774 | . . . 234 69 32 30 152 19 77 55 97 9 Core Remaining (%) 77 | 100 100 . . 3 97 80 84 . . . . . Volleys Fired 140 | 8 3 26 84 9 6 4 . . . . . . Largest 2 | 2 2 2 2 2 2 1 . . . . . . Hottest 76 | 40 40 46 76 43 43 30 . . . . . . Shots Fired 274 | 16 6 52 167 17 12 4 . . . . . . Gun 265 | 16 6 52 162 17 12 . . . . . . . Cannon . | . . . . . . . . . . . . . Launcher 9 | . . . 5 . . 4 . . . . . . Special . | . . . . . . . . . . . . . Kinetic 262 | 16 6 52 159 17 12 . . . . . . . Thermal 3 | . . . 3 . . . . . . . . . Explosive 9 | . . . 5 . . 4 . . . . . . Electromagnetic . | . . . . . . . . . . . . . Robot Hit Streak 18 | 5 9 9 18 1 9 10 . . . . . . Robot Miss Streak 15 | 2 1 3 3 15 1 1 . . . . . . Penetration Max . | . . . . . . . . . . . . . Secondary Targets 2 | . . 2 . . . . . . . . . . Max Gunslinging Chain 1 | . . 1 . . . . . . . . . . Shots Hit Robots 240 | 9 4 37 118 1 18 12 39 1 . . . 1 Core Hits 100 | 6 2 13 56 2 7 10 4 . . . . . Critical Kills 2 | . . . 1 . . . 1 . . . . . Critical Parts Destroyed 14 | . . . 1 . 3 1 9 . . . . . Critical Strikes 19 | . . . 4 . 3 1 11 . . . . . Burn 1 | . . . 1 . . . . . . . . . Destroy 3 | . . . 3 . . . . . . . . . Smash 15 | . . . . . 3 1 11 . . . . . Melee Attacks 99 | . . . . . 10 15 63 4 6 . . 1 Impact 99 | . . . . . 10 15 63 4 6 . . 1 Slashing . | . . . . . . . . . . . . . Piercing . | . . . . . . . . . . . . . Sneak Attacks 12 | . . . . . 3 1 8 . . . . . Combat Hostiles 2 | . . . . . 1 . 1 . . . . . Follow-up Attacks 10 | . . . . . 1 1 8 . . . . . Damage Inflicted 6218 | 102 46 515 1843 30 702 783 2123 51 . . . 23 Guns 2096 | 102 46 515 1288 30 115 . . . . . . . Cannons . | . . . . . . . . . . . . . Explosions 864 | . . . 555 . . 309 . . . . . . Melee 3254 | . . . . . 587 470 2123 51 . . . 23 Ramming 4 | . . . . . . 4 . . . . . . Kinetic 2063 | 102 46 515 1255 30 115 . . . . . . . Thermal 33 | . . . 33 . . . . . . . . . Explosive 864 | . . . 555 . . 309 . . . . . . Electromagnetic . | . . . . . . . . . . . . . Impact 3254 | . . . . . 587 470 2123 51 . . . 23 Slashing . | . . . . . . . . . . . . . Piercing . | . . . . . . . . . . . . . Highest Corruption 3 | . . . . 1 . 3 2 . . . . . Average Corruption 2 | . . . . 1 . 2 2 . . . . . Corruption Purged . | . . . . . . . . . . . . . Corruption Blocked . | . . . . . . . . . . . . . Effects 12 | . . . . 2 . 5 5 . . . . . Message Errors 4 | . . . . 2 . 1 1 . . . . . Matter Fused 2 | . . . . . . 2 . . . . . . Heat Flow Errors 2 | . . . . . . 1 1 . . . . . Energy Discharges 1 | . . . . . . . 1 . . . . . Data Loss (minor) 2 | . . . . . . 1 1 . . . . . Data Loss (major) 1 | . . . . . . . 1 . . . . . Overload Shots . | . . . . . . . . . . . . . Overflow Damage 1469 | . . . 30 . 353 143 943 . . . . . Projectiles 1 | . . . . . . . 1 . . . . . Explosions 30 | . . . 30 . . . . . . . . . Melee 1438 | . . . . . 353 143 942 . . . . . Knockbacks 13 | . . . . . 1 6 5 1 . . . . Impact 12 | . . . . . 1 6 4 1 . . . . Kinetic . | . . . . . . . . . . . . . Secondary 1 | . . . . . . . 1 . . . . . Self-Inflicted Damage 259 | . . . 70 . . 189 . . . . . . Shots 6 | . . . 2 . . 4 . . . . . . Rammed 2 | . . . . . . 2 . . . . . . Targets Rammed 2 | . . . . . . 2 . . . . . . Kicked . | . . . . . . . . . . . . . Crushed . | . . . . . . . . . . . . . Highest Temperature 192 | . . 91 115 12 74 192 147 5 17 . . . Average Temperature 23 | . . 29 11 5 16 41 26 2 5 . . . Received Heat Transfer 1017 | . . 321 456 6 81 . 108 . 9 . . 36 Siege Activations . | . . . . . . . . . . . . . Robots Corrupted . | . . . . . . . . . . . . . Combat Hostiles . | . . . . . . . . . . . . . Parts Fried 20 | . . . . . 6 3 11 . . . . . Impact Corruptions 44 | . . . . . 8 8 28 . . . . . Robots Melted . | . . . . . . . . . . . . . Combat Hostiles . | . . . . . . . . . . . . . Parts Melted . | . . . . . . . . . . . . . Heat Transferred 148 | . . . 148 . . . . . . . . . Parts Sabotaged . | . . . . . . . . . . . . . Parts Stolen . | . . . . . . . . . . . . . Parts Stripped . | . . . . . . . . . . . . . Power Chain Reactions . | . . . . . . . . . . . . . Missiles Intercepted . | . . . . . . . . . . . . . Alert | -11 -10 -9 -9 -9 -7 -6 -5 -4 -4 -4 -4 -3 ------- Run | Scr Mat Mat Sto Rec Fac Fac Fac Fac Upp Upp Zhi Pro Peak Influence 1236 | 20 62 235 532 508 1236 668 472 238 . . . . Initial 1045 | . 13 26 98 205 1045 600 200 179 . . . . Average 372 | 8 28 137 297 338 1123 547 311 228 . . . . Maximum Alert Level 4 | . . 1 2 2 4 2 2 1 . . . . Low Security (%) 23 | 100 100 68 34 . . . . 12 . . . . Level 1 41 | . . 31 35 70 . 19 83 87 . . . . Level 2 27 | . . . 30 29 . 80 16 . . . . . Level 3 2 | . . . . . 36 . . . . . . . Level 4 5 | . . . . . 63 . . . . . . . Level 5 . | . . . . . . . . . . . . . High Security . | . . . . . . . . . . . . . Max Security . | . . . . . . . . . . . . . Squads Dispatched 17 | . . 2 2 . 2 4 6 . . . . 1 Investigation 7 | . . . 1 . . 1 5 . . . . . Extermination 1 | . . . . . 1 . . . . . . . Reinforcement 8 | . . 2 1 . 1 3 1 . . . . . Assault 1 | . . . . . . . . . . . . 1 Garrison . | . . . . . . . . . . . . . Intercept . | . . . . . . . . . . . . . Searches Triggered 1 | . . . . . . 1 . . . . . . Construction Impeded 1 | . . . 1 . . . . . . . . . Haulers Reinforced 1 | . . . . . 1 . . . . . . . Active Scanning Responses . | . . . . . . . . . . . . . Cargo Convoy Interrupts . | . . . . . . . . . . . . . Stealth | -11 -10 -9 -9 -9 -7 -6 -5 -4 -4 -4 -4 -3 --------- Run | Scr Mat Mat Sto Rec Fac Fac Fac Fac Upp Upp Zhi Pro Distress Signals 3 | . . . 3 . . . . . . . . . Communications Jammed . | . . . . . . . . . . . . . Distress Signals . | . . . . . . . . . . . . . Times Spotted 114 | . 2 8 24 8 7 11 23 2 1 13 . 15 Peak Tracking Total 12 | . 1 3 5 2 2 6 5 2 1 5 . 12 Tactical Retreats 11 | . . . . . 1 1 2 . . 5 . 2 Traps | -11 -10 -9 -9 -9 -7 -6 -5 -4 -4 -4 -4 -3 ------- Run | Scr Mat Mat Sto Rec Fac Fac Fac Fac Upp Upp Zhi Pro Traps Triggered 2 | . . . 2 . . . . . . . . . Indirectly . | . . . . . . . . . . . . . Trap Hack Attempts . | . . . . . . . . . . . . . Triggered . | . . . . . . . . . . . . . Disarmed 4 | . 4 . . . . . . . . . . . Reprogrammed . | . . . . . . . . . . . . . Reused . | . . . . . . . . . . . . . Traps Extracted . | . . . . . . . . . . . . . Installed . | . . . . . . . . . . . . . Triggered 1 | . . . . . . . . . . 1 . . Machines | -11 -10 -9 -9 -9 -7 -6 -5 -4 -4 -4 -4 -3 ---------- Run | Scr Mat Mat Sto Rec Fac Fac Fac Fac Upp Upp Zhi Pro Machines Disabled 7 | . . 1 1 5 . . . . . . . . Max in Single Turn 1 | . . 1 1 . . . . . . . . . Garrison Access 1 | . . . . . . 1 . . . . . . Machines Sabotaged . | . . . . . . . . . . . . . Garrisons Compromised . | . . . . . . . . . . . . . Overloaded Fab Kills . | . . . . . . . . . . . . . Hacking | -11 -10 -9 -9 -9 -7 -6 -5 -4 -4 -4 -4 -3 --------- Run | Scr Mat Mat Sto Rec Fac Fac Fac Fac Upp Upp Zhi Pro Machines Accessed 46 | . 4 1 9 5 2 6 9 1 . . 9 . Terminals 25 | . 3 1 8 4 1 2 5 1 . . . . Fabricators 3 | . . . . . 1 1 1 . . . . . Repair Stations 2 | . . . . . . . 2 . . . . . Recycling Units 5 | . 1 . 1 1 . 2 . . . . . . Scanalyzers 1 | . . . . . . . 1 . . . . . Garrison Access 1 | . . . . . . 1 . . . . . . Total Hacks 142 | . 13 6 19 17 3 9 24 3 . . 48 . Successful 88 | . 9 1 11 9 1 3 4 2 . . 48 . Failed 53 | . 4 5 7 8 2 6 20 1 . . . . Catastrophic 10 | . . . . 3 1 1 5 . . . . . Database Lockouts 1 | . . . 1 . . . . . . . . . Manual 15 | . 3 . 3 1 . . 8 . . . . . Terminals 71 | . 10 6 16 16 1 2 17 3 . . . . Fabricators 5 | . . . . . 2 2 1 . . . . . Repair Stations 5 | . . . . . . . 5 . . . . . Recycling Units 11 | . 3 . 3 1 . 4 . . . . . . Scanalyzers 1 | . . . . . . . 1 . . . . . Garrison Access 1 | . . . . . . 1 . . . . . . Terminal Hacks 78 | . 6 1 10 8 . 1 2 2 . . 48 . Record 38 | . . . . . . . 2 . . . 36 . Part Schematic 5 | . . . 1 . . . . . . . 4 . Robot Analysis 7 | . 1 . 1 1 . . . . . . 4 . Prototype ID Bank 8 | . . . 1 2 . . . 1 . . 4 . Open Door 5 | . . . 5 . . . . . . . . . Open DSF 1 | . . . . . . 1 . . . . . . Branch Access Points 1 | . 1 . . . . . . . . . . . Emergency Access Points 3 | . 2 1 . . . . . . . . . . Alert Level 2 | . . . 1 . . . . 1 . . . . Disarm Traps 1 | . 1 . . . . . . . . . . . Recall Reinforcements 1 | . . . . 1 . . . . . . . . Registered Components 1 | . . . . 1 . . . . . . . . Zone Layout 5 | . 1 . 1 3 . . . . . . . . Fabricator Hacks 2 | . . . . . 1 1 . . . . . . Build 2 | . . . . . 1 1 . . . . . . Repair Station Hacks 1 | . . . . . . . 1 . . . . . Refit 1 | . . . . . . . 1 . . . . . Recycling Unit Hacks 5 | . 3 . 1 1 . . . . . . . . Report Inventory 1 | . 1 . . . . . . . . . . . Retrieve Matter 1 | . 1 . . . . . . . . . . . Retrieve Components 3 | . 1 . 1 1 . . . . . . . . Scanalyzer 1 | . . . . . . . 1 . . . . . Insert Component 1 | . . . . . . . 1 . . . . . Garrison Access Hacks 1 | . . . . . . 1 . . . . . . Seal Access 1 | . . . . . . 1 . . . . . . Unauthorized Hacks . | . . . . . . . . . . . . . Terminals . | . . . . . . . . . . . . . Fabricators . | . . . . . . . . . . . . . Repair Stations . | . . . . . . . . . . . . . Recycling Units . | . . . . . . . . . . . . . Scanalyzers . | . . . . . . . . . . . . . Garrison Access . | . . . . . . . . . . . . . Data Cores Recovered . | . . . . . . . . . . . . . Used . | . . . . . . . . . . . . . Hacking Detections 30 | . 4 1 5 5 2 4 8 1 . . . . Full Trace Events 9 | . . . 1 2 . 1 5 . . . . . Feedback Events 1 | . . . . 1 . . . . . . . . Corruption 1 | . . . . 1 . . . . . . . . Feedback Blocked . | . . . . . . . . . . . . . Robot Schematics Acquired . | . . . . . . . . . . . . . Robots Built . | . . . . . . . . . . . . . Authchips . | . . . . . . . . . . . . . Time . | . . . . . . . . . . . . . Total Robot Build Rating . | . . . . . . . . . . . . . Part Schematics Acquired 5 | . . . 1 . . . . . . . 4 . Parts Built 4 | . . . . . 2 2 . . . . . . Authchips . | . . . . . . . . . . . . . Time 159 | . . . . . 42 117 . . . . . . Total Part Build Rating 22 | . . . . . 8 14 . . . . . . Parts Repaired . | . . . . . . . . . . . . . Time . | . . . . . . . . . . . . . Parts Recycled . | . . . . . . . . . . . . . Recycled Matter . | . . . . . . . . . . . . . Retrieved Matter . | . . . . . . . . . . . . . Retrieved Components 20 | . . . 10 10 . . . . . . . . Parts Scanalyzed . | . . . . . . . . . . . . . Part Schematics Acquired . | . . . . . . . . . . . . . Parts Damaged . | . . . . . . . . . . . . . Bothacking | -11 -10 -9 -9 -9 -7 -6 -5 -4 -4 -4 -4 -3 ------------ Run | Scr Mat Mat Sto Rec Fac Fac Fac Fac Upp Upp Zhi Pro Used RIF Installer . | . . . . . . . . . . . . . Robots Hacked . | . . . . . . . . . . . . . Non-combat . | . . . . . . . . . . . . . Combat . | . . . . . . . . . . . . . Robot Hacks Applied . | . . . . . . . . . . . . . Relay Couplers Released . | . . . . . . . . . . . . . Fabnet Peak Effective % . | . . . . . . . . . . . . . Robots Rewired 7 | . . . . 7 . . . . . . . . Allies Hacked . | . . . . . . . . . . . . . Hacks Repelled . | . . . . . . . . . . . . . Allies | -11 -10 -9 -9 -9 -7 -6 -5 -4 -4 -4 -4 -3 -------- Run | Scr Mat Mat Sto Rec Fac Fac Fac Fac Upp Upp Zhi Pro Total Allies 7 | . . . . 7 . . . . . . . . Largest Group 7 | . . . . 7 5 . . . . . . . Highest-Rated Group 114 | . . . . 114 88 . . . . . . . Highest-Rated Ally 34 | . . . . 34 34 . . . . . . . Total Orders . | . . . . . . . . . . . . . Ally Attacks 76 | . . . . 65 11 . . . . . . . Total Damage 1038 | . . . . 826 212 . . . . . . . Kills 22 | . . . . 19 3 . . . . . . . Allies Corrupted . | . . . . . . . . . . . . . Allies Melted . | . . . . . . . . . . . . . Intel | -11 -10 -9 -9 -9 -7 -6 -5 -4 -4 -4 -4 -3 ------- Run | Scr Mat Mat Sto Rec Fac Fac Fac Fac Upp Upp Zhi Pro Robot Analysis Total 7 | . 1 . 1 1 . . . . . . 4 . Derelict Logs Recovered 3 | . . . . . . . . . 1 2 . . Drone Launches . | . . . . . . . . . . . . . Drone Recoveries . | . . . . . . . . . . . . . Exploration | -11 -10 -9 -9 -9 -7 -6 -5 -4 -4 -4 -4 -3 ------------- Run | Scr Mat Mat Sto Rec Fac Fac Fac Fac Upp Upp Zhi Pro Turns Passed 4604 | 117 167 333 1017 432 295 569 697 57 231 166 317 206 Spaces Moved 4918 | 98 188 203 554 248 375 854 635 135 515 488 193 432 Core 106 | 18 . . . . . . . . . . . 88 Treads . | . . . . . . . . . . . . . Legs . | . . . . . . . . . . . . . Wheels 1279 | 80 188 203 554 248 . . . . . . . 6 Hover . | . . . . . . . . . . . . . Flight 3533 | . . . . . 375 854 635 135 515 488 193 338 Fastest Speed 25 | 50 80 80 95 95 28 26 25 29 29 34 34 34 Average Speed 47 | 74 80 87 96 95 30 26 32 29 29 34 34 45 Slowest Speed 230 | 80 80 95 110 110 31 103 101 29 34 34 34 230 Overloaded Moves . | . . . . . . . . . . . . . Propulsion Burnouts . | . . . . . . . . . . . . . Robots Hopped 8 | . . . . . 3 1 4 . . . . . Cave-ins Triggered 1 | . . . . . . . 1 . . . . . Teleports 1 | . . . . . . . . . . . 1 . Exploration Rate (%) 37 | 6 39 14 65 54 12 25 17 5 60 63 62 70 Regions Visited 12 Branch Regions 6 Pre-discovered Areas 3 | . . . . . . . . . . . 3 . Known Exits Taken 6 | . . . . . . 1 1 1 1 1 1 . Unknown Exits Taken 6 | 1 1 1 1 1 1 . . . . . . . Scrap Searched 6 | . . . . . . . . . 2 1 . 3 Spaces Dug 22 | . . . . . . 1 15 . 6 . . . Terrain Destroyed 91 | . . . 53 . . 17 15 . 6 . . . Melee 22 | . . . . . . 1 15 . 6 . . . Projectile . | . . . . . . . . . . . . . AOE 69 | . . . 53 . . 16 . . . . . . Terrain Rammed . | . . . . . . . . . . . . . Walls Destroyed . | . . . . . . . . . . . . . Machines Disabled . | . . . . . . . . . . . . . Actions | -11 -10 -9 -9 -9 -7 -6 -5 -4 -4 -4 -4 -3 --------- Run | Scr Mat Mat Sto Rec Fac Fac Fac Fac Upp Upp Zhi Pro Total 6751 | 127 199 310 886 428 524 1161 1013 145 586 487 444 441 Wait 1198 | . . 51 185 34 104 235 287 5 58 . 239 . Move 4890 | 97 187 202 553 247 368 851 626 134 514 487 192 432 Hop 8 | . . . . . 3 1 4 . . . . . Pick Up 120 | 15 5 12 24 4 12 19 17 1 4 . 5 2 Fast Attach . | . . . . . . . . . . . . . Attach 62 | 7 . 6 6 . 5 13 17 . 2 . 6 . Detach 7 | . . . . . . 2 3 . . . 1 1 Swap 56 | . 1 7 16 4 10 11 6 . . . . 1 Drop 59 | . 3 6 18 3 8 11 2 1 2 . 1 4 Fire 140 | 8 3 26 84 9 6 4 . . . . . . Melee 82 | . . . . . 8 12 51 4 6 . . 1 Ram 2 | . . . . . . 2 . . . . . . Kick . | . . . . . . . . . . . . . Crush . | . . . . . . . . . . . . . Escape Stasis . | . . . . . . . . . . . . . Rewire 127 | . . . . 127 . . . . . . . . Trap . | . . . . . . . . . . . . . Miscellaneous . | . . . . . . . . . . . . . Route ------- -11/Scrapyard -10/Materials (discovered 3 exits: *Mat / Min x2) -9/Materials (discovered 2 exits: *Sto x2) -9/Storage -9/Recycling -7/Factory -6/Factory -5/Factory -4/Factory -4/Upper Caves -4/Upper Caves -4/Zhirov -3/Proximity Caves History --------- Turn | Location | Event 9 | -11/Scrapyard | Discovered new exit (range 15) 118 | -11/Scrapyard | Entered Materials 160 | -10/Materials | Identified exit to Mines 244 | -10/Materials | Discovered new exit (range 16) 285 | -10/Materials | Entered another Materials area 285 | -9/Materials | Evolved 2 slots: Utility x2 307 | -9/Materials | Build established: Mutant 531 | -9/Materials | Lost 4 parts (1p1u2w) 616 | -9/Materials | Discovered new exit (range 3) 618 | -9/Materials | Discovered new exit (range 10) 618 | -9/Materials | Entered Storage 651 | -9/Storage | Central database locked down 828 | -9/Storage | Build established: Scavenger-Mutant 854 | -9/Storage | Found Prototype Protection 904 | -9/Storage | Identified Lgt. Regenerative Plating 907 | -9/Storage | Found Lgt. Regenerative Plating 909 | -9/Storage | Found Lgt. Regenerative Plating 912 | -9/Storage | Found Lgt. Regenerative Plating 1033 | -9/Storage | Core integrity fell below 50% 1551 | -9/Storage | Core integrity fell below 20% 1633 | -9/Storage | Used back door to open Recycling access 1633 | -9/Storage | Discovered new exit (range 3) 1635 | -9/Storage | Entered Recycling 1676 | -9/Recycling | Spotter reported a threat 1686 | -9/Recycling | Spotter reported a threat 1686 | -9/Recycling | Spotter reported a threat 1692 | -9/Recycling | Spotter reported a threat 1694 | -9/Recycling | Spotter reported a threat 1709 | -9/Recycling | Spotter reported a threat 1714 | -9/Recycling | Spotter reported a threat 1762 | -9/Recycling | Spotter reported a threat 1767 | -9/Recycling | Spotter reported a threat 1781 | -9/Recycling | Spotter reported a threat 1790 | -9/Recycling | Spotter reported a threat 1815 | -9/Recycling | Spotter reported a threat 1820 | -9/Recycling | Spotter reported a threat 1843 | -9/Recycling | Spotter reported a threat 1844 | -9/Recycling | Spotter reported a threat 1897 | -9/Recycling | Spotter reported a threat 1910 | -9/Recycling | Spotter reported a threat 1910 | -9/Recycling | Spotter reported a threat 1944 | -9/Recycling | Spotter reported a threat 1959 | -9/Recycling | Spotter reported a threat 1965 | -9/Recycling | Spotter reported a threat 2000 | -9/Recycling | Spotter reported a threat 2000 | -9/Recycling | Spotter reported a threat 2021 | -9/Recycling | Discovered new exit (range 14) 2053 | -9/Recycling | Spotter reported a threat 2067 | -9/Recycling | Entered Factory 2067 | -7/Factory | Accompanied by 5 allies 2067 | -7/Factory | Evolved 4 slots: Power x1, Propulsion x2, Utility x1 2221 | -7/Factory | Fabricated Power Maul (x2) 2348 | -7/Factory | Discovered new exit (range 6) 2362 | -7/Factory | Entered another Factory area 2362 | -6/Factory | Evolved 2 slots: Propulsion x1, Utility x1 2518 | -6/Factory | Fabricated Impulse Thruster (x2) 2597 | -6/Factory | Spotted B-75 Beast 2712 | -6/Factory | Search patrols dispatched 2859 | -6/Factory | Discovered new exit (range 15) 2914 | -6/Factory | Identified exit to Factory 2931 | -6/Factory | Entered another Factory area 2931 | -5/Factory | Evolved 2 slots: Propulsion x1, Utility x1 2960 | -5/Factory | Lost 6 parts (2p3n1u) 3017 | -5/Factory | Crushed by falling debris 3245 | -5/Factory | Lost 6 parts (1p3n1u1w) 3607 | -5/Factory | Build established: Ninja 3622 | -5/Factory | Discovered new exit (range 19) 3627 | -5/Factory | Identified exit to Factory 3628 | -5/Factory | Entered another Factory area 3628 | -4/Factory | Evolved 2 slots: Propulsion x1, Utility x1 3681 | -4/Factory | Discovered new exit (range 13) 3685 | -4/Factory | Identified exit to Upper Caves 3685 | -4/Factory | Entered Upper Caves 3686 | -4/Upper Caves | Encountered a Warlord checkpoint 3711 | -4/Upper Caves | Found Alien Artifact 3712 | -4/Upper Caves | Identified Core Expander 3712 | -4/Upper Caves | Installed Core Expander, added new Utility slot 3756 | -4/Upper Caves | Spotted B-86 Titan 3908 | -4/Upper Caves | Discovered new exit (range 3) 3909 | -4/Upper Caves | Identified exit to Upper Caves 3910 | -4/Upper Caves | Learned location of 1 exit from Research 3916 | -4/Upper Caves | Entered another Upper Caves area 3927 | -4/Upper Caves | Learned Research terminal intel 3976 | -4/Upper Caves | Learned Research stockpile data 3997 | -4/Upper Caves | Attracted the attention of an 0b10 checkpoint 4077 | -4/Upper Caves | Discovered new exit (range 16) 4082 | -4/Upper Caves | Identified exit to Zhirov 4082 | -4/Upper Caves | Entered Zhirov 4082 | -4/Zhirov | Discovered new exit (range 3) 4083 | -4/Zhirov | Identified exit to Proximity Caves 4089 | -4/Zhirov | Met Zhirov 4097 | -4/Zhirov | Learned location of Quarantine (-3) 4097 | -4/Zhirov | Learned location of Testing (-2) 4097 | -4/Zhirov | Learned location of Command (-1) 4104 | -4/Zhirov | Zhirov requested help retrieving the SGEMP Prototype 4111 | -4/Zhirov | Found Alien Artifact 4112 | -4/Zhirov | Identified Transdimensional Reconstructor 4112 | -4/Zhirov | Warped through subspace 4124 | -4/Zhirov | Found Alien Artifact 4125 | -4/Zhirov | Identified Integrated Reactor 4125 | -4/Zhirov | Installed Integrated Reactor, increased core energy generation (+10) 4386 | -4/Zhirov | Build established: Infiltrator-Mutant 4399 | -4/Zhirov | Entered Proximity Caves 4543 | -3/Proximity Caves | Attracted the attention of an 0b10 outpost 4567 | -3/Proximity Caves | Core integrity fell below 50% 4584 | -3/Proximity Caves | Core integrity fell below 20% 4605 | -3/Proximity Caves | Destroyed by S-43 Plague with Heavy Machine Gun Last Messages --------------- 04560_ Dropped Melee Analysis Suite. 04561_ Adv. Sensor Array destroyed. 04561_ Searching scrap... 04561_ Found Target Analyzer. 04561_ Found Adv. System Shield. 04561_ Found Hvy. Shock Bomb Launcher. 04561_ Found 18 Matter. 04574_ C-30 ARC bursts open, deploying its payload. 04574_ G-73 Enforcer unfolds itself. 04574_ B-74 Champion unfolds itself. 04574_ L-61 Swordsman unfolds itself. 04574_ G-67 Veteran unfolds itself. 04574_ Critical hit (Burn: +37). 04574_ Searching scrap... 04574_ Found Imp. Arc Projector. 04574_ Found Biometal Leg. 04574_ Found Imp. Remote Datajack. 04574_ Found Matter Compressor. 04574_ Found 20 Matter. 04581_ Adv. System Shield destroyed. Map ----- +----------------------------------------------------+ | ##??????# ##???# #????????????????????????? | | #??##### #????# #????????????????????????? | | #??# #????# #????????????????????????? | | #???# #???## #????????????????????????? | | ##???# #??## #??###???????????????????? | | ###### ##??# ### ##??????????????????? | | # #???# #??????????????????? | | " ##??## ##?????????????????? | | "%" ### ##### #?????????????????? | | [ ### ### ## #?????????????????? | | = ####?# #???????????????????????? | | ###????# ###### ##??????????????????????? | | #??????# #????# #??????????????????????? | | ???????# ????# b #########????????????????? | | ???????# ????## mg #????????????????? | | ???????#### ????## g #????????????????? | | ??????????? ????## s " "" #????????????????? | | ??????????? ?### """"""" s#????????????????? | | ???????????? """"""" #????????????????? | | ??????????? ## " """s #????????????????? | | ?????????# ####?## ##???????????????? | | ?????????# #??????## #???????????????? | | ?????????# ?????????# ### #???????????????? | | ????????# ?????????## #???????????????? | | ???????# ?????????## ##???????????????? | | ??????# ??????????# @ #????????????????? | | ??????# ???????????## ### #???????????????? | | ?????? ?????????????#####?# #??????????????? | | ??????????????????????????# #??????????????? | | ??????????????????????????# ##??????????????? | | ??????????????????????????## ###???????????????? | | ???????????????????????????#####?????????????????? | | ?????????????????????????????????????????????????? | | ?????????????????????????????????????????????????? | | ?????????????????????????????????????????????????? | | ?????????????????????????????????????????????????? | | ?????????????????????????????????????????????????? | | ?????????????????????????????????????????????????? | | ?????????????????????????????????????????????????? | | ?????????????????????????????????????????????????? | | ?????????????????????????????????????????????????? | | ?????????????????????????????????????????????????? | | ?????????????????????????????????????????????????? | | ?????????????????????????????????????????????????? | | ?????????????????????????????????????????????????? | | ?????????????????????????????????????????????????? | | ?????????????????????????????????????????????????? | | | | | | | +----------------------------------------------------+ Best States ------------- Heat Dissipation 43 Energy Generation 37 Energy Capacity 350 Matter Stores 300 Matter Capacity 300 Sight Range 20 Robot Scan Range 16 Terrain Scan Density 10 Jamming Range 14 Cloak Strength 2 Armor Coverage 225 Evasion (%) 73 Targeting Accuracy 6 Melee Accuracy 15 Defensive Hacking 14 Item Schematics ----------------- Arm. Wheel | -9/Storage | Hacked Assault Drone Bay | -4/Zhirov | Free Exp. Heat Sink | -4/Zhirov | Free Exp. Optical Array | -4/Zhirov | Free Imp. Arc Thrower | -4/Zhirov | Free Robot Schematics ------------------ None Fabricated ------------ Power Maul | x2 | -7/Factory | Preloaded Impulse Thruster | x2 | -6/Factory | Preloaded Alien Tech Used ----------------- Core Expander Transdimensional Reconstructor Integrated Reactor Achievements -------------- None Challenges ------------ None Game ------ Seed MinesnifferDisruptionBiocell Manual? 0 Play Time 01:50:51 Cumulative 78.3 hours Start 2022.10.21 @ 12:54:48 End 2022.10.21 @ 16:03:05 Sessions 5 Manual Loads 0 Difficulty Rogue Special Mode None Game No. 84 Rogue 84 Adventurer 0 Explorer 0 Win Type - Total 0 Types 0/0/0/0/0/0/0/0/0 Lore% 55 Gallery% 45 Achievement% 38 Wizard Run 0 Options --------- ASCII 0 Keyboard 0 Movement Numpad Keybinds 0 Fullscreen 2 Font 18/SmallcapsGlow Map View 76x50 Tactical HUD 1 Map Filters NONE Filters NONE Steam 1 RUN: 8032487d-126e-4bc1-8937-960f47437322